 Dungeon Crawl Stone Soup version 0.25.0-11-g1f837a76a1 (webtiles) character file.

Game seed: 7754204124801345176

49 xccam the Firebug (level 3, -17/31 HPs)
             Began as a Gnoll Wanderer on June 24, 2020.
             Demolished by an ogre
             ... wielding a +0 giant spiked club
              (21 damage)
             ... on level 2 of the Dungeon.
             The game lasted 00:02:36 (1454 turns).

xccam the Firebug (Gnoll Wanderer)                  Turns: 1454, Time: 00:02:36

Health: -17/31     AC:  2    Str: 14    XL:     3   Next: 75%
Magic:  0/4        EV: 11    Int: 17    God:
Gold:   96         SH:  0    Dex: 12    Spells: 1/3 levels left

rFire    . . .     SeeInvis .   a - +2 spear
rCold    . . .     Gourm    .   (no shield)
rNeg     . . .     Faith    .   d - +0 robe
rPois    .         Spirit   .   (no helmet)
rElec    .         Reflect  .   (no cloak)
rCorr    +         Harm     .   (no gloves)
MR       .....                  (no boots)
Stlth    ++........             (no amulet)
HPRegen  0.10/turn              h - ring of resist corrosion
MPRegen  0.09/turn              (no ring)

@: no status effects
A: distributed training, fangs 1, strong nose
a: no special abilities


You were on level 2 of the Dungeon.
You were not hungry.

You visited 1 branch of the dungeon, and saw 2 of its levels.

You collected 96 gold pieces.

Inventory:

Hand Weapons
 a - a +2 spear (weapon)
Missiles
 e - 2 boomerangs (quivered)
Armour
 d - a +0 robe (worn)
 i - a +0 scale mail
Jewellery
 h - a ring of resist corrosion (left hand)
Scrolls
 b - a scroll of blinking {unknown}
 c - a scroll of noise {unknown}
 g - a scroll of remove curse {unknown}
 j - a scroll of fog {unknown}
 k - a scroll of teleportation {unknown}
 l - 2 scrolls of amnesia {unknown}
 n - 2 scrolls of identify {unknown}
 o - a scroll of enchant weapon {unknown}
 p - a scroll of enchant armour {unknown}
Potions
 q - 2 potions of haste {unknown}
Comestibles
 f - 3 rations
 m - 3 chunks of flesh


   Skills:
 + Level 4.5 Fighting
 + Level 0.9 Short Blades
 + Level 0.9 Long Blades
 + Level 0.9 Axes
 + Level 0.9 Maces & Flails
 + Level 0.9 Polearms
 + Level 0.9 Staves
 + Level 0.9 Slings
 + Level 0.9 Bows
 + Level 0.9 Crossbows
 + Level 4.5 Throwing
 + Level 0.9 Armour
 + Level 0.9 Dodging
 + Level 2.4 Stealth
 + Level 0.9 Shields
 + Level 0.9 Unarmed Combat
 + Level 0.9 Spellcasting
 + Level 3.8 Conjurations
 + Level 0.6 Hexes
 + Level 0.6 Charms
 + Level 0.6 Summonings
 + Level 0.6 Necromancy
 + Level 0.6 Translocations
 + Level 0.6 Transmutations
 + Level 5.4 Fire Magic
 + Level 0.6 Ice Magic
 + Level 0.6 Air Magic
 + Level 0.6 Earth Magic
 + Level 0.6 Poison Magic
 + Level 1.0 Invocations
 + Level 0.9 Evocations


You had one spell level left.
You knew the following spells:

 Your Spells              Type           Power        Failure   Level  Hunger
a - Foxfire               Conj/Fire      ###.         3%          1    ##.....
b - Beastly Appendage     Tmut           #.....       17%         1    ##.....

Your spell library contained the following spells:

 Spells                   Type           Power        Failure   Level  Hunger
 Inner Flame              Hex/Fire       ##......     19%         3    ####...
 Ignite Poison            Fire/Tmut/Pois #.......     26%         3    ####...


Dungeon Overview and Level Annotations

Branches:
Dungeon (2/15)

Altars:
Dithmenos


Innate Abilities, Weirdness & Mutations

Your experience applies equally to all skills.
You have very sharp teeth.
Your uncanny sense of smell can sniff out nearby items.


Message History

The foxfire hits the ogre.
The ogre is severely wounded.
Unknown command.
Casting: Foxfire (safe; 3% risk of failure)
Confirm with . or Enter, or press ? or * to list all spells.
You conjure some foxfire!
Your foxfire dissipates!
The foxfire hits the ogre.
The ogre is almost dead.
Unknown command.
Casting: Foxfire (safe; 3% risk of failure)
Confirm with . or Enter, or press ? or * to list all spells.
You conjure some foxfire!
The ogre barely misses you.
Unknown command.
Your foxfire dissipates!
You hit the ogre but do no damage. Your bite misses the ogre.
The ogre is almost dead.
The ogre hits you with a +0 giant spiked club!!
Ouch! That really hurt!
You die...

#>..# #.# #..)....
##)## #.#
#######.#####. ##
#.#
#.###..........##.
.# #.#
#....#.####.##....
.####.#
##########.##
#.#####. ......#
#......# ###
#.#####.
.####.#####.####.#
#.......
.........##.####.#
########
##............##@#
##..<....##.#.##O#
.........##.#.##.#
##.......##......#
##.......####...##
.........##......
###.....###.....#.
# #.....#
#.[...#.. ∆ #
#.....##....... ##


You could see an ogre.

Vanquished Creatures
  An adder (D:2)
  4 giant cockroaches
  5 goblins
  4 hobgoblins
  6 jackals
  2 kobolds (D:1)
  A quokka (D:2)
  2 bats
  3 frilled lizards
  8 rats
36 creatures vanquished.

Vanquished Creatures (others)
  17 foxfires
17 creatures vanquished.

Grand Total: 53 creatures vanquished

Notes
Turn   | Place    | Note
-------+----------+-------------------------------------------
     0 | D:1      | xccam the Gnoll Wanderer began the quest for the Orb.
     0 | D:1      | xccam set off with the following items: a +2 spear, a +0
                  | robe, a ration; and the following spells available to
                  | memorise: Foxfire, Beastly Appendage, Inner Flame, Ignite
                  | Poison
     0 | D:1      | Reached XP level 1. HP: 20/20 MP: 1/1
   276 | D:1      | Reached XP level 2. HP: 24/26 MP: 2/2
   287 | D:1      | Learned a level 1 spell: Foxfire
   635 | D:2      | Found a shadowy altar of Dithmenos.
   637 | D:2      | Reached XP level 3. HP: 14/31 MP: 0/3
  1024 | D:2      | Reached skill level 1 in Invocations
  1185 | D:2      | Learned a level 1 spell: Beastly Appendage
  1445 | D:2      | Noticed an ogre
  1454 | D:2      | Demolished by an ogre

Illustrated notes

Levels and vault maps discovered:
D:1:      dpeg_arrival_pits, layout_rooms
D:2:      layout_loops_cross, nicolae_ru_the_path_less_chosen,
          grunt_dithmenos_smoke

Skill      XL: |  1  2  3 |
---------------+----------+-----
Invocations    | 1 |  1.0
Fighting       | |  4.5
Short Blades   | |  0.9
Long Blades    | |  0.9
Axes           | |  0.9
Maces & Flails | |  0.9
Polearms       | |  0.9
Staves         | |  0.9
Slings         | |  0.9
Bows           | |  0.9
Crossbows      | |  0.9
Throwing       | |  4.5
Armour         | |  0.9
Dodging        | |  0.9
Stealth        | |  2.4
Shields        | |  0.9
Unarmed Combat | |  0.9
Spellcasting   | |  0.9
Conjurations   | |  3.8
Hexes          | |  0.6
Charms         | |  0.6
Summonings     | |  0.6
Necromancy     | |  0.6
Translocations | |  0.6
Transmutations | |  0.6
Fire Magic     | |  5.4
Ice Magic      | |  0.6
Air Magic      | |  0.6
Earth Magic    | |  0.6
Poison Magic   | |  0.6
Evocations     | |  0.9

Action                   || total
-------------------------++-------
Melee: Spear             ||    80
       Bite              ||     6
 Cast: Foxfire           ||    11
  Use: Potion            ||     1
 Stab: Sleeping          ||     4
  Eat: Chunk             ||     2
Armor: Robe              ||     7
Dodge: Dodged            ||    40
